 Dungeon Crawl Stone Soup version 0.14-a0-586-g2535b90 (webtiles) character file.

1441 Malachi the Covert (level 8, 0/63 HPs)
             Began as a Naga Enchanter on Nov 3, 2013.
             Slain by an orc warrior
             ... wielding a +0,+0 orcish halberd
              (26 damage)
             ... on Level 5 of the Dungeon.
             The game lasted 00:22:24 (9364 turns).

Malachi the Covert (Naga Enchanter)                 Turns: 9364, Time: 00:22:25

HP   0/63        AC  4     Str 12      XL: 8   Next: 44%
MP  21/22        EV 10     Int 19      God:
Gold 242         SH  0     Dex 11      Spells:  3 memorised,  3 levels left

Res.Fire  : . . .   See Invis. : +   y - +2 dagger of Nookk {holy, Int+2 Stlth+}
Res.Cold  : . . .   Warding    : .   b - +1 robe
Life Prot.: . . .   Conserve   : .   (no shield)
Res.Poison: +       Res.Corr.  : .   (no helmet)
Res.Elec. : .       Clarity    : .   (no cloak)
Sust.Abil.: + .     Spirit.Shd : .   (no gloves)
Res.Mut.  : .       Stasis     : .   (no barding)
Res.Rott. : .       Flight     : .   g - amulet of faith
Saprovore : . . .                    l - ring of magical power
                                     G - ring of sustain abilities

@: very slow, somewhat resistant to hostile enchantments, extremely stealthy
A: spit poison, see invisible, deformed body, poison resistance, slowness 2, AC
+2
a: Spit Poison


You were on level 5 of the Dungeon.
You were not hungry.

You visited 1 branch of the dungeon, and saw 5 of its levels.

You collected 242 gold pieces.

Inventory:

Hand weapons
 a - a +1,+1 dagger
 n - a +1,+3 orcish dagger
 o - a +0,+2 spear of venom
 x - a +3,+2 dagger of speed
 y - the +2,+2 dagger of Nookk (weapon) {holy, Int+2 Stlth+}
   (You took it off a goblin on level 4 of the Dungeon)

   It has been blessed by the Shining One to cause great damage to the undead
   and demons.
   It affects your intelligence (+2).
   It makes you much more stealthy.
 z - a +1 blowgun
Missiles
 e - 10 tomahawks (quivered)
 A - 19 poisoned needles
Armour
 b - a +1 robe (worn)
Magical devices
 D - a wand of flame (13)
 E - a wand of enslavement (16)
Comestibles
 f - 5 bread rations
 i - 7 meat rations
 q - an apricot
 v - a rambutan
Scrolls
 s - a scroll of fog
Jewellery
 g - an amulet of faith (around neck)
 l - a ring of magical power (right hand)
 w - an uncursed ring of protection from magic {unknown}
 F - an uncursed ring of wizardry {unknown}
 G - a ring of sustain abilities (left hand)
Potions
 h - a potion of restore abilities
 j - a potion of might {unknown}
 m - a potion of curing
 p - a potion of slowing {unknown}
 r - a potion of mutation {unknown}
 t - a potion of brilliance {unknown}
 u - a potion of heal wounds
Books
 c - a book of Maledictions

   Spells                             Type                      Level
   Corona                             Hexes                        1
   *Sure Blade                        Hexes/Charms                 2
   *Ensorcelled Hibernation           Hexes/Ice                    2
   *Confuse                           Hexes                        3
   Enslavement                        Hexes                        4
   Invisibility                       Hexes                        6
 k - a book of Dreams

   Spells                             Type                      Level
   *Ensorcelled Hibernation           Hexes/Ice                    2
   Flight                             Charms/Air                   3
   Phase Shift                        Translocation                5
   Shadow Creatures                   Summoning                    5
   Mass Confusion                     Hexes                        6
   Darkness                           Hexes                        7


   Skills:
 - Level 1.2 Fighting
 * Level 4.0 Short Blades
 - Level 0.8 Throwing
 - Level 1.5 Dodging
 + Level 8.4 Stealth
 + Level 1.5 Spellcasting
 * Level 7.2 Hexes
 - Level 0.2 Charms
 - Level 2.2 Ice Magic


You had 3 spell levels left.
You knew the following spells:

 Your Spells              Type           Power        Failure   Level  Hunger
a - Sure Blade            Hex/Chrm       ###.......   8%          2    ###....
b - Ensorcelled Hibernat  Hex/Ice        ###...       4%          2    ###....
c - Confuse               Hex            ####....     2%          3    ####...


Dungeon Overview and Level Annotations

Branches:
Dungeon (5/27)
 Temple: D:4-7

Altars:
Fedhas

Annotations:
D:2 exclusion: oklob plant


Innate Abilities, Weirdness & Mutations

You cannot wear boots.
You can spit poison.
Your serpentine skin is tough (AC +2).
You have supernaturally acute eyesight.
Armour fits poorly on your strangely shaped body.
Your system is resistant to poisons.
You cover ground very slowly.


Message History

an orcish halberd; an orcish plate armour
Casting: Ensorcelled Hibernation
Confirm with . or Enter, or press ? or * to list all spells.
Aiming: Ensorcelled Hibernation
Press: ? - help, Shift-Dir - straight line, f/p - orc
Aim: an orc, wielding an orcish war axe and wearing an orcish chain mail The orc struggles to resist.
The orc hits you but does no damage. The orc closely misses you.
All of the chunks of flesh in your inventory have completely rotted away.
Things that are here:
a glowing orcish hand axe; an orcish whip; an orcish ring mail
Things that are here:
an orc skeleton; an orcish flail; an orcish robe The orc unwields an uncursed orcish war axe.
The orc drops an uncursed orcish war axe.
The orc picks up an orcish halberd.
The orc wields an orcish halberd.
The orc closely misses you.
There is a stone staircase leading up here.
The orc warrior hits you from afar with an orcish halberd!
You die...

#o##o............
#o###8..8..8..8. ####
####%#####......... #..# #.....#
########## ####..#
#.....##################.....###
#.....)).o.o)%oo...............#
#.....#########o.......#.....#.##
#.....#########........#.........
#...............@............#.##
#.....#########........#######.#
#...(.# #######.## #####.#
#.....# #.# #.....# #.##..#
###### ######.# #.....# ......#
#....# #....#.# #.....#
......###....# #....#.####.....#
.............# #....#..........##
#.##..###....###.............).).


You could see an orc warrior and 2 orcs.

Vanquished Creatures
  2 orc warriors (D:5)
  2 ogres (D:4)
  A phantom (D:4)
  A centaur (D:4)
  Sigmund (D:3)
  The ghost of Malachi the Sneak, an average NaEn (D:3)
  A hound (D:5)
  2 big fish (D:2)
  A jelly (D:5)
  2 worker ants (D:4)
  3 orc wizards (D:5)
  Jessica (D:3)
  8 adders
  7 gnolls
  2 giant mites
  6 worms
  An adder zombie (D:5)
  A giant eyeball (D:5)
  2 giant geckos
  2 oozes
  21 orcs
  13 bats
  6 giant cockroaches
  17 hobgoblins
  8 jackals
  14 kobolds
  4 quokkas
  5 giant newts
  A giant newt skeleton (D:4)
  A giant newt zombie (D:5)
  11 goblins
  A hobgoblin zombie (D:5)
  13 rats
162 creatures vanquished.

Vanquished Creatures (collateral kills)
  An orc wizard (D:5)
  A bat (D:5)
2 creatures vanquished.

Grand Total: 164 creatures vanquished

Notes
Turn   | Place    | Note
--------------------------------------------------------------
     0 | D:1      | Malachi, the Naga Enchanter, began the quest for the Orb.
     0 | D:1      | Reached XP level 1. HP: 15/15 MP: 3/3
   235 | D:1      | Reached XP level 2. HP: 7/22 MP: 4/4
  1123 | D:1      | Reached XP level 3. HP: 28/28 MP: 5/5
  1130 | D:1      | Learned a level 2 spell: Ensorcelled Hibernation
  1255 | D:1      | Reached skill level 4 in Hexes
  1362 | D:2      | Found a blossoming altar of Fedhas.
  1372 | D:2      | Reached XP level 4. HP: 23/36 MP: 4/7
  1837 | D:2      | Reached XP level 5. HP: 42/42 MP: 3/8
  1931 | D:2      | Learned a level 3 spell: Confuse
  2473 | D:2      | Reached skill level 5 in Stealth
  2583 | D:2      | Noticed an oklob plant
  2725 | D:3      | Noticed Malachi's ghost (average NaEn)
  2834 | D:3      | Killed Malachi's ghost
  2834 | D:3      | Reached skill level 1 in Fighting
  2834 | D:3      | Reached skill level 1 in Ice Magic
  3188 | D:3      | Reached XP level 6. HP: 44/49 MP: 9/9
  3243 | D:3      | Noticed Sigmund
  3621 | D:4      | Reached skill level 5 in Hexes
  3751 | D:4      | Reached skill level 6 in Stealth
  5263 | D:3      | Killed Sigmund
  5263 | D:3      | Reached XP level 7. HP: 42/56 MP: 6/10
  5349 | D:3      | Noticed Jessica
  5359 | D:3      | Killed Jessica
  6228 | D:4      | Learned a level 2 spell: Sure Blade
  6235 | D:4      | Learned a level 2 spell: Sure Blade
  6345 | D:4      | Reached skill level 7 in Stealth
  6637 | D:4      | Got a smoking dagger
  6964 | D:4      | Identified the +2,+2 dagger of Nookk {holy, Int+2 Stlth+} (You took it off a goblin on level 4 of the Dungeon)
  6964 | D:4      | Identified the +2,+2 dagger of Nookk {holy, Int+2 Stlth+} (You took it off a goblin on level 4 of the Dungeon)
  7012 | D:4      | HP: 1/56 [phantom (9)]
  7335 | D:4      | Reached XP level 8. HP: 20/63 MP: 1/12
  7890 | D:5      | Entered Level 5 of the Dungeon
  7896 | D:5      | Paralysed by a giant eyeball for 2 turns
  7903 | D:5      | Paralysed by a giant eyeball for 3 turns
  9202 | D:5      | Reached skill level 8 in Stealth
  9364 | D:5      | Slain by an orc warrior

Action                   |  1- 3 |  4- 6 |  7- 9 || total
-------------------------+-------+-------+-------++-------
Melee: Dagger            |    75 |   405 |   349 ||   829
Throw: Tomahawk          |       |       |     7 ||     7
 Cast: Corona            |     1 |     2 |     1 ||     4
       Ensorcelled Hiber |     2 |    38 |    32 ||    72
       Confuse           |       |     4 |    16 ||    20
       Sure Blade        |       |       |     5 ||     5
 Abil: Spit Poison       |       |     7 |    14 ||    21
Evoke: Wand              |       |     4 |     2 ||     6
  Use: Scroll            |       |     3 |    14 ||    17
       Potion            |       |     2 |     1 ||     3
 Stab: Sleeping          |    10 |    22 |    32 ||    64
       Distracted        |     1 |       |       ||     1
       Confused          |       |     2 |     2 ||     4
       Invisible         |       |     3 |       ||     3
